 Dungeon Crawl Stone Soup version 0.30-a0-305-g026cb31310 (webtiles) character file.

Game seed: 10787246085576023614

259 twist the Spear-Bearer (level 6, -3/46 HPs)
             Began as a Merfolk Gladiator on Oct 21, 2022.
             Was an Elder of Uskayaw.
             Slain by a gnoll bouda
             ... wielding a +0 whip of pain
              (7 damage)
             ... on level 4 of the Dungeon.
             The game lasted 00:04:29 (2562 turns).

twist the Spear-Bearer (Merfolk Gladiator)          Turns: 2562, Time: 00:04:30

Health: -3/46      AC:  6    Str: 14    XL:     6   Next: 17%
Magic:  6/6        EV: 13    Int:  7    God:    Uskayaw [****..]
Gold:   139        SH:  0    Dex: 18    Spells: 5/5 levels left

rFire   . . .      SeeInvis .    a - +0 trident
rCold   . . .      Faith    .    (no shield)
rNeg    . . .      Spirit   .    b - +0 leather armour
rPois   .          Reflect  .    v - +0 helmet
rElec   .          Harm     .    (no cloak)
rCorr   .          Rampage  .    m - +0 pair of gloves
Will    .....                    u - +0 pair of boots
Stlth   +.........               n - amulet of the acrobat
HPRegen 0.27/turn                (no ring)
MPRegen 0.10/turn                (no ring)

@: no status effects
A: (nimble swimmer 2), mertail
a: Renounce Religion, Stomp, Line Pass


You were on level 4 of the Dungeon.
You worshipped Uskayaw.
Uskayaw was noncommittal.
You visited 1 branch of the dungeon, and saw 4 of its levels.

You collected 139 gold pieces.

Inventory:

Hand Weapons
 a - a +0 trident (weapon)
Missiles
 d - 3 throwing nets (quivered)
 e - 4 javelins
 k - 5 silver javelins
Armour
 b - a +0 leather armour (worn)
 c - a +0 helmet
 m - a +0 pair of gloves (worn)
 u - a +0 pair of boots (worn)
 v - a +0 helmet (worn)
Jewellery
 g - a ring of protection from cold
 n - an amulet of the acrobat (around neck)
Scrolls
 r - 4 scrolls of identify
Potions
 f - 2 potions of haste {unknown}
 h - 3 potions of berserk rage
 i - a potion of ambrosia {unknown}
 j - a potion of resistance {unknown}
 l - a potion of brilliance {unknown}
 p - 2 potions of mutation {unknown}
 s - a potion of attraction {unknown}
 t - a potion of heal wounds {unknown}


   Skills:
 - Level 2.4 Fighting
 + Level 8.6 Polearms
 - Level 2.1 Throwing
 - Level 4.1 Dodging


You had 5 spell levels left.
You didn't know any spells.
Your spell library contained the following spells:

 Spells                   Type           Power      Damage    Failure   Level
 Ensorcelled Hibernation  Hex/Ice        0%         N/A       65%         2
 Spider Form              Tmut/Pois      0%         N/A       87%         3
 Anguish                  Hex/Necr       0%         N/A       99%         4


Dungeon Overview and Level Annotations

Branches:
Dungeon (4/15)
 Temple: D:4-7

Altars:
Uskayaw

Annotations:
D:3 1 runed translucent door, Potemkin's ghost, amateur FoFi


Innate Abilities, Weirdness & Mutations

((You are very nimble when in or above water. (Stealth+, EV+, Speed+++)))
Your lower body shifts to a powerful aquatic tail in water.


Message History

The gnoll completely misses you.
The gnoll bouda barks out a call to the hunt!
The gnoll picks up the pace!
You are too injured to fight recklessly!
You are too injured to fight recklessly!
You are too injured to fight recklessly!
You hit the gnoll.
You kill the gnoll!
You are too injured to fight recklessly!
You are too injured to fight recklessly!
You are too injured to fight recklessly!
Things that are here:
a +0 club; a +0 spear; a gnoll corpse You hit the gnoll bouda.
The gnoll bouda is lightly wounded.
The gnoll bouda hits you but does no damage.
You writhe in agony.
You barely miss the gnoll bouda.
The gnoll bouda is lightly wounded.
The gnoll bouda hits you with a +0 whip of pain.
* * * LOW HITPOINT WARNING * * *
You barely miss the gnoll bouda.
The gnoll bouda is lightly wounded.
The gnoll bouda closely misses you.
You hit the gnoll bouda but do no damage.
The gnoll bouda is lightly wounded.
You completely miss the gnoll bouda.
The gnoll bouda is lightly wounded.
The gnoll bouda misses you.
Unknown command.
You hit the gnoll bouda but do no damage.
The gnoll bouda is lightly wounded.
The gnoll bouda hits you with a +0 whip of pain!
* * * LOW HITPOINT WARNING * * *
You writhe in agony.
* * * LOW HITPOINT WARNING * * *
You hit the gnoll bouda.
The gnoll bouda is lightly wounded.
The gnoll bouda hits you with a +0 whip of pain!
You die...

*,,,.....*#>................
*,,,.....*#.####.#........<.
*,,,.....##.####'##########.
****,,,......:.................
*,,,,,,...............#########
*,,,,,,...............#,,,.....
*,,,,,,........)......#,**#####
*,,,,,,.....##)########,* #
*,,,,,,.....*#@# *,* **###
*,,,,,,....,*#g#***** *,* *,...
*,,,,,,....,*...,,,,***,* *#...
*,,,,,,...,,#....,,,+,,,* #..#
************#.....,,*******####
#......,+,,,,,,,...
#.......***########
#.......#,,........
*,,,,,,,*,****#....


You could see a gnoll bouda.

Vanquished Creatures
  2 hounds (D:4)
  An iguana (D:4)
  5 gnolls (D:4)
  5 adders
  An ufetubus (D:3)
  An orc (D:3)
  4 endoplasms
  6 giant cockroaches
  11 goblins
  8 hobgoblins
  3 jackals (D:3)
  3 quokkas
  9 ball pythons
  7 bats
  A frilled lizard (D:2)
  3 kobolds
  7 rats
77 creatures vanquished.

Notes
Turn   | Place    | Note
-------+----------+-------------------------------------------
     0 | D:1      | twist the Merfolk Gladiator began the quest for the Orb.
     0 | D:1      | Reached XP level 1. HP: 16/16 MP: 1/1
   143 | D:1      | Reached XP level 2. HP: 23/23 MP: 2/2
   713 | D:1      | Reached skill level 5 in Polearms
   865 | D:2      | Reached XP level 3. HP: 27/28 MP: 3/3
  1048 | D:2      | Reached skill level 6 in Polearms
  1048 | D:2      | Reached XP level 4. HP: 27/34 MP: 4/4
  1494 | D:3      | Found a runed translucent door.
  1495 | D:3      | Noticed Potemkin's ghost (amateur FoFi)
  1499 | D:3      | Found a hide-covered altar of Uskayaw.
  1622 | D:3      | Became a worshipper of Uskayaw the Reveller
  1662 | D:3      | Reached * piety under Uskayaw
  2265 | D:4      | Reached skill level 7 in Polearms
  2265 | D:4      | Reached XP level 5. HP: 39/39 MP: 5/5
  2317 | D:4      | Reached ** piety under Uskayaw
  2467 | D:4      | Reached skill level 8 in Polearms
  2538 | D:4      | Reached XP level 6. HP: 46/46 MP: 6/6
  2540 | D:4      | Reached *** piety under Uskayaw
  2547 | D:4      | Reached **** piety under Uskayaw
  2562 | D:4      | Slain by a gnoll bouda

Illustrated notes

Levels and vault maps discovered:
D:1:      reono_arrival_forest_river, layout_loops_ring,
          chequers_serial_rivers_small_3, due_unseen_surprise
D:2:      layout_rooms, kennysheep_decorative_pillar
D:3:      layout_basic, nicolae_uskayaw_dance_hall, gammafunk_ghost_grave
D:4:      layout_basic, nicolae_vehumet_altar_sigil, minivault_24,
          kennysheep_opposing_triangles

Skill      XL: |  1  2  3  4  5 |
---------------+----------------+-----
Polearms       | 5 6 7 8 |  8.6
Fighting       | |  2.4
Throwing       | |  2.1
Dodging        | |  4.1

Action                   |  1- 3 |  4- 6 || total
-------------------------+-------+-------++-------
Melee: Trident           |   118 |   148 ||   266
       Punch             |     1 |     1 ||     2
  Use: Scroll            |     5 |     3 ||     8
 Stab: Sleeping          |     3 |       ||     3
       Paralysed         |       |     1 ||     1
Armor: Leather armour    |    28 |    30 ||    58
Dodge: Dodged            |   100 |    82 ||   182

Table legend: (Time is in decaauts)
 A = Elapsed time spent in this place.
 B = Non-inter-level travel time spent in this place.
 C = Inter-level travel time spent in this place.
 D = Time resting spent in this place.
 E = Time spent auto-exploring this place.
 F = Levels seen in this place.
 G = Mean time per level.
                   A        B        C        D        E       F      G
               +--------+--------+--------+--------+--------+-----+--------+
         Total |   2521 |   2301 |    220 |     46 |   1671 |   4 |  630.2 |
       Dungeon |   2521 |   2301 |    220 |     46 |   1671 |   4 |  630.2 |
               +--------+--------+--------+--------+--------+-----+--------+

Top non-repeatable levels by time:
     D:1: 919 daAuts
     D:3: 737 daAuts
     D:4: 477 daAuts
     D:2: 386 daAuts
